[Event "Titled Tuesday Blitz February 22 Early 2022"]
[White "Zierk, Steven"]
[Black "Narayanan.S.L"]
[WhiteFideId "2034255"]
[BlackFideId "5058422"]
[WhiteElo "2494"]
[BlackElo "2494"]
[Result "1-0"]
[Round "06"]
[TimeControl "180+1"]
[Date "2022.02.22"]
[WhiteClock "0:00:20"]
[BlackClock "0:00:09"]

1. e4 e6 2. d4 d5 3. Nd2 c5 4. Ngf3 cxd4 5. Nxd4 Nc6 6. Bb5 Bd7 7. Nxc6 bxc6 8. Bd3 Bd6 9. Qe2 Ne7 10. O-O Ng6 11. Nf3 Nf4 12. Bxf4 Bxf4 13. e5 g6 14. c4 O-O 15. g3 Bh6 16. h4 c5 17. Rad1 Bc6 18. cxd5 exd5 19. e6 Qf6 20. exf7+ Rxf7 21. Ne5 Re8 22. Ng4 Qg7 23. Qc2 c4 24. b3 Bd7 25. Nxh6+ Qxh6 26. bxc4 Bg4 27. Rde1 Rc8 28. Qa4 Qd2 29. Re8+ Rxe8 30. Qxe8+ Rf8 31. Qe3 Qxe3 32. fxe3 Re8 33. Rf4 Rxe3 34. Bxg6 hxg6 35. Rxg4 dxc4 36. Kf2 Ra3 37. Rxg6+ Kf7 38. Rc6 Rxa2+ 39. Kf3 Rc2 40. Rc7+ Kg6 41. Rxa7 Rc1 42. Rc7 c3 43. Kg4 c2 44. h5+ Kh6 45. Rc6+ Kh7 46. Rc5 Kh6 47. Rc7 Rd1 48. Rc6+ Kh7 49. Rxc2 Rd4+ 50. Kh3 Ra4 51. g4 1-0


[Site "https://www.chess.com"]

[Event "Titled Tuesday Blitz February 22 Early 2022"]
[White "volunteers1998"]
[Black "Chojnacki, Slawomir"]
[BlackFideId "1117076"]
[WhiteElo "2268"]
[BlackElo "2084"]
[Result "0-1"]
[Round "06"]
[TimeControl "180+1"]
[Date "2022.02.22"]
[WhiteClock "0:00:48"]
[BlackClock "0:01:07"]

1. e4 c6 2. d4 d5 3. e5 Bf5 4. Nc3 e6 5. g4 Bg6 6. Nge2 Ne7 7. h4 h5 8. Nf4 hxg4 9. Nxg6 Nxg6 10. Qxg4 Rxh4 11. Rxh4 Qxh4 12. Qxh4 Nxh4 13. Be3 Nd7 14. Bd3 Ng2+ 15. Ke2 Nxe3 16. Kxe3 O-O-O 17. Rh1 Bb4 18. Ne2 f6 19. f4 g5 20. exf6 gxf4+ 21. Nxf4 Nxf6 22. c3 Bd6 23. Ng6 Re8 24. Rh8 Rxh8 25. Nxh8 e5 26. dxe5 Bxe5 27. Nf7 Bc7 28. Bf5+ Kb8 29. a4 Bb6+ 30. Kd3 Ne8 31. b4 a5 32. b5 cxb5 33. axb5 Kc7 34. c4 dxc4+ 35. Kxc4 Bg1 36. Ne5 Nd6+ 0-1


[Site "https://www.chess.com"]

[Event "Titled Tuesday Blitz February 22 Early 2022"]
[White "wisdomboy"]
[Black "Yushko, Olga"]
[BlackFideId "14114500"]
[WhiteElo "2442"]
[BlackElo "2028"]
[Result "1-0"]
[Round "06"]
[TimeControl "180+1"]
[Date "2022.02.22"]
[WhiteClock "0:02:14"]
[BlackClock "0:02:06"]

1. d4 e6 2. c4 f5 3. Nc3 Nf6 4. Bg5 Be7 5. Nf3 d6 6. Bxf6 Bxf6 7. e4 fxe4 8. Nxe4 O-O 9. Bd3 Qe8 10. O-O Nd7 11. Qc2 Qh5 12. Rae1 e5 13. dxe5 Nxe5 14. Nxf6+ Rxf6 15. Nxe5 dxe5 16. Be4 c6 17. Qd1 Qh4 18. Qd8+ Kf7 19. g3 Qh3 20. Bg2 Qd7 21. Qh8 Rh6 22. Rxe5 b5 23. Rfe1 Bb7 24. Re7+ Qxe7 25. Rxe7+ Kxe7 26. Qxg7+ Kd6 27. Qxh6+ Kc5 28. cxb5 Rd8 29. Qg5+ Kb6 30. Qxd8+ 1-0


[Site "https://www.chess.com"]

[Event "Titled Tuesday Blitz February 22 Early 2022"]
[White "Abdisalimov, Abdimalik"]
[Black "Kollars, Dmitrij"]
[WhiteFideId "14206323"]
[BlackFideId "12909572"]
[WhiteElo "2401"]
[BlackElo "2584"]
[Result "1-0"]
[Round "07"]
[TimeControl "180+1"]
[Date "2022.02.22"]
[WhiteClock "0:00:30"]
[BlackClock "0:00:03"]

1. d4 Nf6 2. c4 e6 3. Nc3 Bb4 4. e3 O-O 5. Bd3 d5 6. Nf3 c5 7. cxd5 cxd4 8. exd4 exd5 9. O-O h6 10. h3 Nc6 11. a3 Bd6 12. Re1 Re8 13. Rxe8+ Qxe8 14. Be3 Be6 15. Qd2 Na5 16. Re1 Qf8 17. Nxd5 Bxd5 18. Qxa5 b6 19. Qb5 Qc8 20. Ne5 Qb7 21. Bf1 a6 22. Qd3 b5 23. Bd2 Re8 24. Qg3 Ne4 25. Qd3 Nxd2 26. Qxd2 b4 27. a4 b3 28. Re3 Rc8 29. Rg3 Kh8 30. Bd3 Qe7 31. Qf4 Qf6 32. Qe3 a5 33. Kh2 Rd8 34. Bb1 Qe7 35. f4 Kg8 36. Qd3 f6 37. Qh7+ Kf8 38. Ng6+ 1-0


[Site "https://www.chess.com"]

[Event "Titled Tuesday Blitz February 22 Early 2022"]
[White "Agibileg, Uurtsaikh"]
[Black "Martinez, Shawn"]
[WhiteFideId "4901606"]
[BlackFideId "2039770"]
[WhiteElo "2205"]
[BlackElo "2174"]
[Result "1-0"]
[Round "07"]
[TimeControl "180+1"]
[Date "2022.02.22"]
[WhiteClock "0:00:27"]
[BlackClock "0:00:01"]

1. d4 Nf6 2. c4 g6 3. Nc3 Bg7 4. e4 d6 5. Be2 O-O 6. Nf3 Nc6 7. O-O e5 8. d5 Ne7 9. Nd2 Nd7 10. b4 f5 11. c5 Kh8 12. Ba3 Nf6 13. f3 g5 14. Nc4 Ng6 15. cxd6 cxd6 16. b5 Ne8 17. exf5 Bxf5 18. Bd3 Bxd3 19. Qxd3 Nf4 20. Qc2 Rc8 21. Ne4 Nxd5 22. Qd2 Rxc4 23. Qxd5 Qb6+ 24. Kh1 Rd4 25. Qe6 h6 26. Rac1 Nc7 27. Qd7 Nxb5 28. Rc8 Rxc8 29. Qxc8+ Kh7 30. Rc1 d5 31. Bc5 Qg6 32. Bxd4 Nxd4 33. Ng3 h5 34. h3 h4 35. Nf1 e4 36. fxe4 Qxe4 37. Qg4 Qxg4 38. hxg4 Nc6 39. Rc5 d4 40. Rxg5 d3 41. Rd5 1-0


[Site "https://www.chess.com"]

[Event "Titled Tuesday Blitz February 22 Early 2022"]
[White "Ambartsumova, Karina"]
[Black "Melian, Juan Sebastian"]
[WhiteFideId "4166299"]
[BlackFideId "3706575"]
[WhiteElo "2262"]
[BlackElo "1842"]
[Result "1-0"]
[Round "07"]
[TimeControl "180+1"]
[Date "2022.02.22"]
[WhiteClock "0:00:13"]
[BlackClock "0:00:18"]

1. e4 e6 2. d4 d5 3. Nc3 dxe4 4. Nxe4 Bd7 5. Bd3 Bc6 6. Nf3 Nd7 7. c3 Bxe4 8. Bxe4 c6 9. Bf4 Ngf6 10. Bc2 Be7 11. O-O Nh5 12. Be3 O-O 13. Qe2 h6 14. Rad1 Qc7 15. Qd2 Rfe8 16. Bxh6 gxh6 17. Qxh6 Nhf6 18. Ng5 Nf8 19. Rd3 Ng4 20. Rg3 Nxh6 21. Nxe6+ Kh8 22. Nxc7 Bd6 23. Nxe8 Bxg3 24. Nf6 Bd6 25. Re1 Ng6 26. g3 Ng8 27. Nh5 N8e7 28. f4 Ng8 29. Kf2 Rd8 30. Kf3 Bf8 31. g4 N6e7 32. Ng3 Bg7 33. h4 Nf6 34. h5 Nfd5 35. g5 f6 36. h6 fxg5 37. fxg5 Bf8 38. Kg4 Rd6 39. Nh5 Kg8 40. Nf4 Nxf4 41. Kxf4 Ng6+ 42. Kg4 Ne7 43. Kh5 Nd5 44. g6 Nf4+ 45. Kg5 Nxg6 46. Bxg6 c5 47. Re4 Rd5+ 48. Kg4 Bxh6 49. Bf5 cxd4 50. Be6+ Kg7 51. Bxd5 d3 52. Rd4 d2 53. Rd3 Kf6 54. Bf3 Ke5 55. Bxb7 Ke6 56. Bf3 Ke5 57. Kg3 a5 58. Kf2 Kf4 59. Ke2 Ke5 60. Bb7 Ke6 61. Rxd2 Bxd2 62. Kxd2 Kd6 63. Kc2 Kc5 64. Be4 Kb6 65. a4 Kc5 66. Kb3 Kb6 67. Bd3 Ka7 68. Bb5 Kb6 69. Kc4 Kc7 70. Kc5 Kb7 71. b4 axb4 72. cxb4 Ka7 73. Bc4 Kb8 74. Kb6 Ka8 75. Bd5+ Kb8 76. a5 1-0


[Site "https://www.chess.com"]

[Event "Titled Tuesday Blitz February 22 Early 2022"]
[White "Andreikin, Dmitry"]
[Black "Indjic, Aleksandar"]
[WhiteFideId "4158814"]
[BlackFideId "911925"]
[WhiteElo "2736"]
[BlackElo "2616"]
[Result "0-1"]
[Round "07"]
[TimeControl "180+1"]
[Date "2022.02.22"]
[WhiteClock "0:00:01"]
[BlackClock "0:00:09"]

1. d4 d5 2. c4 e6 3. Nf3 a6 4. g3 dxc4 5. Bg2 Nc6 6. O-O Rb8 7. Bf4 b5 8. b3 cxb3 9. axb3 Bb7 10. Nc3 Nf6 11. Ne5 Nb4 12. Bxb7 Rxb7 13. e4 Be7 14. d5 exd5 15. exd5 O-O 16. Qf3 Rb6 17. Be3 Rb8 18. Rfd1 Ra8 19. Nc6 Nxc6 20. dxc6 Qc8 21. Bf4 Rd8 22. Rxd8+ Qxd8 23. Rd1 Qe8 24. g4 h6 25. h4 Bb4 26. Nd5 Nxd5 27. Rxd5 Qe1+ 28. Kg2 Ba5 29. Rd7 Qe6 30. b4 Bb6 31. Bxc7 Bxc7 32. Rxc7 g6 33. Rb7 Rc8 34. c7 Qd6 35. Ra7 Rxc7 36. Rxc7 Qxc7 37. Qa8+ Kg7 38. Qxa6 Qc4 39. Qa1+ Kg8 40. Qa8+ Kh7 41. Qf3 Kg7 42. g5 hxg5 43. hxg5 Qxb4 44. Qf6+ Kg8 45. Qd8+ Kh7 46. Qc7 Qc4 47. Qb7 Kg7 48. Qe7 b4 49. Qe5+ Kg8 50. Qe8+ Kh7 51. Qe5 Qc6+ 52. Kg1 Qb7 53. Qb2 b3 54. Kh2 Qd5 55. Kg3 Kg8 56. f4 Qd3+ 57. Kg4 Qc2 0-1


[Site "https://www.chess.com"]

[Event "Titled Tuesday Blitz February 22 Early 2022"]
[White "Arabidze, Meri"]
[Black "Budrewicz, Krzysztof"]
[WhiteFideId "13604040"]
[BlackFideId "1127950"]
[WhiteElo "2329"]
[BlackElo "2248"]
[Result "1-0"]
[Round "07"]
[TimeControl "180+1"]
[Date "2022.02.22"]
[WhiteClock "0:00:04"]
[BlackClock "0:00:02"]

1. d4 Nf6 2. c4 g6 3. g3 Bg7 4. Bg2 O-O 5. Nf3 d6 6. O-O Nc6 7. Nc3 e5 8. dxe5 Nxe5 9. b3 Nxf3+ 10. Bxf3 Bh3 11. Re1 c6 12. Bb2 Ng4 13. Qd2 Re8 14. Rad1 Qb6 15. e3 Ne5 16. Bg2 Bg4 17. Ne2 Rad8 18. h3 Nf3+ 19. Bxf3 Bxf3 20. Bxg7 Kxg7 21. Qd4+ Qxd4 22. Rxd4 a5 23. Nc3 Re6 24. g4 f5 25. Kh2 fxg4 26. hxg4 h5 27. gxh5 gxh5 28. Rg1+ Kh6 29. Rf4 Bg4 30. Ne4 d5 31. Nc5 Rg6 32. f3 Bc8 33. Rxg6+ Kxg6 34. Nd3 Re8 35. cxd5 Rxe3 36. Rd4 cxd5 37. Rxd5 h4 38. Nf4+ Kf7 39. Kg2 b6 40. Rh5 h3+ 41. Nxh3 Re2+ 42. Kg3 Rxa2 43. Rh7+ Ke8 44. Rh8+ Kd7 45. Nf4 Ba6 46. Nd5 Kc6 47. Ne7+ Kb5 48. f4 Ra3 49. f5 Rxb3+ 50. Kf4 Kb4 51. Nd5+ Kc5 52. Ne3 Rb4+ 53. Ke5 Bb7 54. Nc2 Re4+ 55. Kf6 Re2 56. Na3 Ra2 57. Rb8 Bc6 58. Nb1 1-0


[Site "https://www.chess.com"]

[Event "Titled Tuesday Blitz February 22 Early 2022"]
[White "Araujo Filho, Luiz Antonio Coel"]
[Black "Dzhaparov, Medet"]
[WhiteFideId "2130661"]
[BlackFideId "13803689"]
[WhiteElo "2198"]
[BlackElo "1702"]
[Result "1-0"]
[Round "07"]
[TimeControl "180+1"]
[Date "2022.02.22"]
[WhiteClock "0:00:07"]
[BlackClock "0:00:13"]

1. d4 Nf6 2. Nf3 g6 3. c4 d5 4. cxd5 Nxd5 5. e4 Nb6 6. Nc3 Bg7 7. Be3 O-O 8. Be2 Bg4 9. O-O Nc6 10. d5 Bxf3 11. Bxf3 Ne5 12. Be2 Nec4 13. Bc1 Qd6 14. Qc2 c6 15. dxc6 Qxc6 16. b3 Nd6 17. Bb2 Rac8 18. Rac1 Bxc3 19. Qxc3 Qxc3 20. Bxc3 Nxe4 21. Bd4 Nd5 22. Bf3 Nec3 23. Bxa7 Ra8 24. Bc5 Rxa2 25. Bd4 Ne2+ 26. Bxe2 Rxe2 27. Rfd1 e6 28. Kf1 Ra2 29. Rc5 Rfa8 30. Rdc1 f6 31. Rc8+ Rxc8 32. Rxc8+ Kg7 33. Rb8 b6 34. Rb7+ Kh6 35. g3 Rc2 36. h4 g5 37. Rb8 Kg6 38. Rg8+ Kf5 39. h5 Rc1+ 40. Kg2 Rc7 41. h6 e5 42. Rg7 Rxg7 43. hxg7 Ne7 44. Bxb6 Kg6 45. Bc5 Ng8 46. Bf8 Kf7 47. Kf3 Ne7 48. Bxe7 Kxg7 49. b4 Kf7 50. Bc5 Ke6 51. Ke4 f5+ 52. Ke3 f4+ 53. gxf4 gxf4+ 54. Ke4 h5 55. f3 h4 56. Bg1 h3 57. Bh2 Kd6 58. b5 Ke6 59. b6 Kd6 60. b7 Kc7 61. Kxe5 Kxb7 62. Kxf4 Kc7 63. Kg4+ Kd7 64. Kxh3 Ke6 65. Kg4 1-0


[Site "https://www.chess.com"]

[Event "Titled Tuesday Blitz February 22 Early 2022"]
[White "Ashiev, Eduard"]
[Black "Sanchez, Robert"]
[WhiteFideId "4130090"]
[BlackFideId "2034360"]
[WhiteElo "2004"]
[BlackElo "2265"]
[Result "1-0"]
[Round "07"]
[TimeControl "180+1"]
[Date "2022.02.22"]
[WhiteClock "0:00:44"]
[BlackClock "0:01:36"]

1. d4 d5 2. Nf3 e6 3. c4 Nf6 4. Nc3 a6 5. c5 Be7 6. Bf4 O-O 7. e3 Nc6 8. Bd3 Re8 9. O-O Nh5 10. a3 Nxf4 11. exf4 Bf6 12. Bc2 g6 13. Re1 Bg7 14. h4 Qf6 15. Ne2 Bd7 16. h5 Rad8 17. Ne5 Nxe5 18. dxe5 Qe7 19. hxg6 hxg6 20. b4 Bb5 21. Nd4 Bc4 22. Qf3 Bb5 23. Re3 b6 24. Rc3 bxc5 25. Rxc5 Bc4 26. Nc6 Qd7 27. Nxd8 Rxd8 28. Rd1 c6 29. Rxc4 1-0


[Site "https://www.chess.com"]

[Event "Titled Tuesday Blitz February 22 Early 2022"]
[White "Atakhan, Abtin"]
[Black "Samadov, Read"]
[WhiteFideId "22502203"]
[BlackFideId "13417444"]
[WhiteElo "2623"]
[BlackElo "2800"]
[Result "1-0"]
[Round "07"]
[TimeControl "180+1"]
[Date "2022.02.22"]
[WhiteClock "0:00:30"]
[BlackClock "0:00:01"]

1. e4 c5 2. Nc3 d6 3. d4 cxd4 4. Qxd4 Nc6 5. Qd2 g6 6. b3 Bh6 7. f4 Nf6 8. Bb2 O-O 9. O-O-O a5 10. a4 Nb4 11. Kb1 Qb6 12. g3 Be6 13. Nge2 Rac8 14. Nd4 Bd7 15. Qe1 e5 16. Ndb5 d5 17. fxe5 Ng4 18. Nxd5 Nxd5 19. exd5 Qc5 20. Bc4 Bxb5 21. axb5 a4 22. e6 axb3 23. exf7+ Rxf7 24. Bxb3 Qd6 25. Qe6 Qxe6 26. dxe6 Re7 27. Rd7 Bf8 28. Ba3 Ree8 29. e7+ 1-0


[Site "https://www.chess.com"]

[Event "Titled Tuesday Blitz February 22 Early 2022"]
[White "Baches Garcia, Guillermo"]
[Black "Petesch, Gabriel"]
[WhiteFideId "2209764"]
[BlackFideId "2032465"]
[WhiteElo "2405"]
[BlackElo "2374"]
[Result "0-1"]
[Round "07"]
[TimeControl "180+1"]
[Date "2022.02.22"]
[WhiteClock "0:00:08"]
[BlackClock "0:00:11"]

1. e4 d6 2. d4 e5 3. Ne2 exd4 4. Nxd4 Nc6 5. Nxc6 bxc6 6. Bd3 g6 7. Bd2 Bg7 8. Bc3 Nf6 9. O-O O-O 10. f4 Re8 11. Nd2 a5 12. Qf3 a4 13. e5 Nd5 14. Bd4 a3 15. b3 Nb4 16. Rae1 Ba6 17. Bxa6 Rxa6 18. c3 Nxa2 19. Ra1 c5 20. Bf2 Nb4 21. cxb4 cxb4 22. Nc4 Qa8 23. Qd3 dxe5 24. fxe5 Rae6 25. Bd4 Qd5 26. Qe3 Rd8 27. Bc5 Bxe5 28. Nxe5 Rxe5 29. Qf2 Qxc5 30. Qxc5 Rxc5 31. Rf4 Rb8 32. Ra2 Rc3 33. Rd4 Rxb3 34. Rd7 Rb1+ 35. Kf2 Rb2+ 0-1


[Site "https://www.chess.com"]

[Event "Titled Tuesday Blitz February 22 Early 2022"]
[White "Baker, Chris W"]
[Black "Manelyuk, Daniil"]
[WhiteFideId "401676"]
[BlackFideId "44173920"]
[WhiteElo "2217"]
[BlackElo "2222"]
[Result "0-1"]
[Round "07"]
[TimeControl "180+1"]
[Date "2022.02.22"]
[WhiteClock "0:00:08"]
[BlackClock "0:01:21"]

1. c4 Nf6 2. Nf3 c5 3. g3 g6 4. Bg2 Bg7 5. O-O O-O 6. Nc3 Nc6 7. d4 cxd4 8. Nxd4 Nxd4 9. Qxd4 d6 10. Qd3 Rb8 11. b3 a6 12. Bb2 Bd7 13. Rad1 b5 14. cxb5 axb5 15. b4 Be6 16. Rd2 Bc4 17. Qc2 Nd7 18. a3 Nb6 19. Ne4 Bxb2 20. Qxb2 Na4 21. Qa1 f5 22. Ng5 h6 23. Nf3 Qc7 24. Rc1 e5 25. Nh4 Kh7 26. Bd5 Nb6 27. Bg2 d5 28. Nf3 d4 29. Rdc2 Qd6 30. Nd2 Rfc8 31. a4 Bxe2 32. a5 Rxc2 33. Rxc2 Na4 34. Rc6 Qxb4 35. Nf3 Bxf3 36. Bxf3 e4 37. Be2 Nc3 38. Bc4 bxc4 0-1


[Site "https://www.chess.com"]

[Event "Titled Tuesday Blitz February 22 Early 2022"]
[White "Barp, Alberto"]
[Black "Loy, Konstantin"]
[WhiteFideId "872555"]
[BlackFideId "14122499"]
[WhiteElo "2229"]
[BlackElo "2084"]
[Result "1-0"]
[Round "07"]
[TimeControl "180+1"]
[Date "2022.02.22"]
[WhiteClock "0:00:27"]
[BlackClock "0:00:03"]

1. d4 Nf6 2. Bg5 Ne4 3. Bf4 c5 4. f3 Qa5+ 5. c3 Nf6 6. d5 d6 7. e4 e6 8. dxe6 Bxe6 9. Bxd6 Bxd6 10. Qxd6 Nc6 11. Na3 Rd8 12. Qg3 O-O 13. Nc4 Bxc4 14. Bxc4 b5 15. Bb3 c4 16. Bc2 b4 17. Ne2 Rd3 18. Bxd3 cxd3 19. Nf4 bxc3 20. O-O cxb2 21. Rab1 Qb6+ 22. Qf2 Qxf2+ 23. Kxf2 d2 24. Rxb2 Rd8 25. Rd1 Ne5 26. Rbxd2 Re8 27. Rd8 Kf8 28. Rxe8+ Kxe8 29. Nd5 Nfd7 30. Ke2 f6 31. Ne3 g6 32. f4 Nc6 33. g3 Ke7 34. Nd5+ Ke6 35. Rc1 Nd4+ 36. Kd3 Nb5 37. Rc6+ Kf7 38. a4 Na3 39. Rc7 Ke6 40. Rc3 Nb1 41. Rb3 Nc5+ 42. Kc4 Nxb3 43. Kxb3 Nd2+ 44. Kb4 Nxe4 45. Nc7+ Kd7 46. Nb5 a6 47. Nd4 Kc7 48. Ne6+ Kb6 49. Nf8 a5+ 50. Ka3 Kc6 51. Nxh7 g5 52. fxg5 fxg5 53. Kb3 Kd6 54. Kc4 Ke7 55. Kd4 Nf2 56. Nxg5 Ng4 57. Nf3 Kd6 58. h4 Ke6 59. Kc5 Kf5 60. Kb5 Nf2 61. Kxa5 Kg4 62. Nd4 Ne4 63. Ne2 Kf3 64. h5 Kxe2 65. h6 Ng5 66. Kb6 Kf3 67. a5 Kxg3 68. a6 Kg4 69. a7 Kh5 70. h7 Kh6 71. a8=Q Nxh7 72. Qh1+ Kg6 73. Kc6 Ng5 74. Kd5 Kf5 75. Qf1+ Kg4 76. Qf6 Nf3 77. Ke4 Ng5+ 78. Ke3 Kh5 79. Kf4 Nh3+ 80. Kf5 1-0


[Site "https://www.chess.com"]

[Event "Titled Tuesday Blitz February 22 Early 2022"]
[White "Bashirli, Saadat"]
[Black "Dew, Brian"]
[WhiteFideId "13429990"]
[BlackFideId "6000495"]
[WhiteElo "1173"]
[BlackElo "2118"]
[Result "1-0"]
[Round "07"]
[TimeControl "180+1"]
[Date "2022.02.22"]
[WhiteClock "0:00:49"]
[BlackClock "0:00:01"]

1. d4 d5 2. Bg5 Bf5 3. Nf3 c6 4. e3 Qb6 5. Qc1 Nd7 6. c4 Ngf6 7. Nc3 e6 8. c5 Qa5 9. Be2 Ne4 10. Bf4 b6 11. cxb6 axb6 12. O-O Nxc3 13. bxc3 Ba3 14. Qd2 O-O 15. Ne5 Nxe5 16. Bxe5 c5 17. f3 Rfc8 18. dxc5 bxc5 19. h4 Qa4 20. g4 Bc2 21. Bd3 Bxd3 22. Qxd3 Bb2 23. Rab1 Ba3 24. Qd2 c4 25. Bg3 Bc5 26. Rb2 Qa7 27. Bf2 Rcb8 28. Rxb8+ Rxb8 29. Kg2 Qa3 30. e4 Rb2 31. Qg5 Qxa2 32. Qd8+ Bf8 33. exd5 exd5 34. Qxd5 Re2 35. Qd8 Qd2 36. Qc8 1-0


[Site "https://www.chess.com"]

[Event "Titled Tuesday Blitz February 22 Early 2022"]
[White "Batsiashvili, Nino"]
[Black "Ismayil, Malak"]
[WhiteFideId "13602993"]
[BlackFideId "13412604"]
[WhiteElo "2230"]
[BlackElo "1879"]
[Result "1-0"]
[Round "07"]
[TimeControl "180+1"]
[Date "2022.02.22"]
[WhiteClock "0:00:51"]
[BlackClock "0:00:41"]

1. d4 Nf6 2. c4 e6 3. Nc3 Bb4 4. Nf3 O-O 5. Bg5 h6 6. Bh4 b6 7. e3 Bb7 8. Bd3 d6 9. Qc2 Nbd7 10. e4 e5 11. d5 Qe8 12. a3 Bxc3+ 13. Qxc3 Nh5 14. Nd2 Nf4 15. Bf1 a5 16. f3 Ng6 17. Bf2 f5 18. exf5 Rxf5 19. Bd3 Rf6 20. Ne4 Rf8 21. O-O Nf4 22. Rae1 Nc5 23. Nxc5 bxc5 24. Bb1 Bc8 25. Be3 Nh5 26. f4 e4 27. Rf2 Bf5 28. h3 Ng3 29. Bxc5 Qg6 30. Bd4 Bxh3 31. Kh2 Rxf4 32. Qxg3 Qxg3+ 33. Kxg3 Rxf2 34. Bxf2 Bf5 35. Bxe4 1-0


[Site "https://www.chess.com"]

[Event "Titled Tuesday Blitz February 22 Early 2022"]
[White "Berdychevskaya, Natasha"]
[Black "Winkels, Marcel"]
[WhiteFideId "4159322"]
[BlackFideId "1003887"]
[WhiteElo "1780"]
[BlackElo "1900"]
[Result "1-0"]
[Round "07"]
[TimeControl "180+1"]
[Date "2022.02.22"]
[WhiteClock "0:01:08"]
[BlackClock "0:00:23"]

1. d4 Nf6 2. Bf4 d5 3. e3 Bf5 4. c4 c6 5. Nc3 e6 6. Qb3 Qb6 7. c5 Qxb3 8. axb3 Na6 9. Bxa6 bxa6 10. Rxa6 Kd7 11. Nf3 Be7 12. Ne5+ Ke8 13. Nxc6 Bd3 14. Rxa7 Rxa7 15. Nxa7 Kd7 16. Kd2 Ba6 17. Ra1 Bb7 18. b4 Nh5 19. b5 Nxf4 20. exf4 Bc8 21. b6 Bb7 22. b4 Bf6 23. Kd3 g5 24. fxg5 Bxg5 25. b5 Ba8 26. c6+ Kd6 27. b7 Bxb7 28. cxb7 Rb8 29. Ra6+ Kc7 30. Nc6 Rxb7 31. Ra7 f6 32. Rxb7+ Kxb7 33. Nd8+ Kb6 34. Nxe6 Bh6 35. Nxd5+ Kxb5 36. Nxf6 1-0


[Site "https://www.chess.com"]

[Event "Titled Tuesday Blitz February 22 Early 2022"]
[White "Bluebaum, Matthias"]
[Black "Korchmar, Vasiliy"]
[WhiteFideId "24651516"]
[BlackFideId "24131750"]
[WhiteElo "2550"]
[BlackElo "2370"]
[Result "1-0"]
[Round "07"]
[TimeControl "180+1"]
[Date "2022.02.22"]
[WhiteClock "0:00:31"]
[BlackClock "0:00:02"]

1. b3 d5 2. Bb2 Bf5 3. Nf3 e6 4. g3 Nf6 5. Bg2 Be7 6. O-O O-O 7. d3 h6 8. Nbd2 a5 9. a3 Bh7 10. Re1 Nbd7 11. e4 a4 12. b4 c5 13. exd5 exd5 14. bxc5 Bxc5 15. Bd4 Bd6 16. Qb1 Qc7 17. Qb2 Rfc8 18. Rec1 Bf8 19. Rab1 Ne8 20. Bh3 Nd6 21. Ne5 Bf5 22. Bg2 Nxe5 23. Bxe5 Be6 24. Nf3 Qd7 25. Nd4 Bh3 26. Bxd5 Ra5 27. c4 Rxd5 28. cxd5 Re8 29. Bf4 Qg4 30. Re1 Rxe1+ 31. Rxe1 g5 32. f3 Qh5 33. Bxd6 Bxd6 34. Re8+ Kh7 35. Ne6 fxe6 36. Qh8+ Kg6 37. Qg8+ Kf5 38. Qxe6# 1-0


[Site "https://www.chess.com"]

[Event "Titled Tuesday Blitz February 22 Early 2022"]
[White "Bodnar, Nikolay"]
[Black "Shevtchenko, Olesya"]
[WhiteFideId "14106469"]
[BlackFideId "24131890"]
[WhiteElo "2296"]
[BlackElo "2003"]
[Result "0-1"]
[Round "07"]
[TimeControl "180+1"]
[Date "2022.02.22"]
[WhiteClock "0:00:15"]
[BlackClock "0:00:21"]

1. d4 d5 2. c4 e6 3. Nf3 Nf6 4. g3 Be7 5. Bg2 O-O 6. O-O dxc4 7. Qc2 b5 8. a4 Bb7 9. axb5 a6 10. Nc3 axb5 11. Rxa8 Bxa8 12. Nxb5 Bd5 13. Nc3 c5 14. e4 Bb7 15. dxc5 Bxc5 16. Ne5 Qd4 17. Bf4 Bb4 18. Rd1 Qc5 19. Na4 Qa5 20. Nxc4 Qa6 21. Nd6 Bxd6 22. Rxd6 Qa5 23. Rb6 Qe1+ 24. Bf1 Ba6 25. Qc1 Qxc1 26. Bxc1 Bxf1 27. Kxf1 Nxe4 28. Be3 Nd7 29. Rb7 Ne5 30. b4 Ra8 31. b5 f6 32. Ra7 Rxa7 33. Bxa7 Nd6 34. b6 Nb7 35. Bb8 Nd7 36. Bf4 e5 37. Be3 Kf7 38. Ke2 Ke6 39. Kd3 Kd5 40. Nc3+ Kc6 41. Kc4 Nd6+ 42. Kb4 Nxb6 43. Bxb6 Kxb6 44. f3 Kc6 45. Ne2 Kd5 46. Kc3 Nf5 47. Kd3 Nd4 48. Nc3+ Ke6 49. Ke3 Nc2+ 50. Kd2 Nb4 51. Ke3 Nd5+ 52. Nxd5 Kxd5 53. h4 f5 54. g4 g6 55. Kd3 e4+ 56. Ke3 Ke5 57. g5 f4+ 58. Ke2 e3 59. Kd3 Kd5 60. Ke2 Kd4 61. Kd1 Kd3 62. Ke1 e2 63. Kf2 Kd2 64. Kg2 e1=Q 65. Kh3 Qg3# 0-1


[Site "https://www.chess.com"]

[Event "Titled Tuesday Blitz February 22 Early 2022"]
[White "Borisova, Ekaterina"]
[Black "Chernomordik, Pavel"]
[WhiteFideId "34124184"]
[BlackFideId "2804530"]
[WhiteElo "2034"]
[BlackElo "2249"]
[Result "1-0"]
[Round "07"]
[TimeControl "180+1"]
[Date "2022.02.22"]
[WhiteClock "0:00:05"]
[BlackClock "0:00:06"]

1. d4 g6 2. e4 Bg7 3. Nc3 d6 4. Be3 a6 5. a4 b6 6. Qd2 Bb7 7. O-O-O Nd7 8. Kb1 e6 9. h4 h6 10. h5 g5 11. f4 gxf4 12. Bxf4 Qf6 13. Nf3 O-O-O 14. Bd3 Kb8 15. Rdf1 Qe7 16. Qe2 Ka7 17. Be3 Ngf6 18. a5 b5 19. Rh3 Ka8 20. Nd2 c5 21. dxc5 dxc5 22. Rg3 Rhg8 23. e5 Nd5 24. Nxd5 exd5 25. Qf2 Qxe5 26. c3 d4 27. Bf4 Qf6 28. Ne4 Qe6 29. Bc7 Bxe4 30. Re1 Bxd3+ 31. Rxd3 Ne5 32. Bxd8 Rxd8 33. cxd4 cxd4 34. Rxd4 Rc8 35. Rde4 Qd5 36. Qe2 Nc4 37. Re7 Qd2 38. Qxd2 Nxd2+ 39. Ka2 Rc4 40. Re8+ Kb7 41. R1e7+ Kc6 42. Rc8+ Kd6 43. Rxc4 Nxc4 44. Rxf7 Bxb2 45. Ra7 Bd4 46. Rxa6+ Kc5 47. Rxh6 Kb4 48. a6 Ka4 49. Rg6 b4 50. Kb1 b3 51. a7 Na3+ 52. Kc1 Bxa7 53. Ra6+ Kb4 54. Rxa7 Kc3 55. Rc7+ Nc4 56. Rxc4+ Kxc4 57. Kb2 Kd4 58. Kxb3 Ke4 59. g4 Ke5 60. Kc3 Kf6 61. Kd4 Kg5 62. Ke4 1-0


[Site "https://www.chess.com"]

[Event "Titled Tuesday Blitz February 22 Early 2022"]
[White "Bortnyk, Olexandr"]
[Black "Ponkratov, Pavel"]
[WhiteFideId "14120828"]
[BlackFideId "4157800"]
[WhiteElo "2723"]
[BlackElo "2487"]
[Result "1-0"]
[Round "07"]
[TimeControl "180+1"]
[Date "2022.02.22"]
[WhiteClock "0:00:18"]
[BlackClock "0:00:09"]

1. e4 c5 2. c3 d6 3. d4 Nf6 4. Bd3 Nc6 5. Nf3 Qc7 6. Bg5 g6 7. d5 Nb8 8. Nbd2 Bg7 9. Qe2 h6 10. Bf4 g5 11. Bg3 Nh5 12. e5 Nxg3 13. hxg3 dxe5 14. Nc4 Nd7 15. O-O-O b5 16. Ne3 c4 17. Be4 Qa5 18. d6 Rb8 19. Nf5 Bf6 20. dxe7 Qxa2 21. Bb1 Qa5 22. Nxe5 Nxe5 23. Rd8+ Qxd8 24. exd8=Q+ Kxd8 25. f4 gxf4 26. gxf4 Nd7 27. Rxh6 Rxh6 28. Nxh6 Kc7 29. Qe3 Rb6 30. Nxf7 b4 31. Ba2 bxc3 32. bxc3 Ba6 33. g4 Bb5 34. g5 Bg7 35. f5 Ra6 36. Bxc4 Bxc4 37. Qf4+ Kb7 38. Qxc4 Ra1+ 39. Kb2 Ra6 40. Nd8+ Kb6 41. Qc6+ Ka5 42. Nb7# 1-0


[Site "https://www.chess.com"]

[Event "Titled Tuesday Blitz February 22 Early 2022"]
[White "Brankovic, Dejan"]
[Black "Goldin, Roman"]
[WhiteFideId "921602"]
[BlackFideId "2803860"]
[WhiteElo "2209"]
[BlackElo "2312"]
[Result "1-0"]
[Round "07"]
[TimeControl "180+1"]
[Date "2022.02.22"]
[WhiteClock "0:00:29"]
[BlackClock "0:00:03"]

1. e4 Nc6 2. Nf3 e5 3. c3 d6 4. d4 Be7 5. Bd3 Nf6 6. h3 O-O 7. O-O h6 8. Nbd2 Nh7 9. Re1 Ng5 10. d5 Nb8 11. Nf1 Nxf3+ 12. Qxf3 Bg5 13. Ne3 Nd7 14. g3 Nc5 15. Bf1 b6 16. h4 Bxe3 17. Bxe3 f5 18. exf5 Bxf5 19. Qd1 Ne4 20. Bg2 Nf6 21. f3 e4 22. f4 Qd7 23. c4 Rae8 24. Bd4 Bg4 25. Qd2 Qf5 26. Re3 Bh3 27. Bh1 Ng4 28. Re2 Re7 29. Rae1 Rfe8 30. Qc2 Nf6 31. Bxf6 Qxf6 32. Rxe4 Bf5 33. Rxe7 Bxc2 34. Rxe8+ Kh7 35. b3 Qd4+ 36. Kh2 Qf2+ 37. Bg2 Bf5 38. R8e2 Qd4 39. Bf3 Bd3 40. Rd2 Qc3 41. Rdd1 Bf5 42. Bg2 Qb2 43. Kg1 h5 44. Re3 Qxa2 45. Rde1 Qd2 46. Bf3 Bg4 47. Be4+ g6 48. Bg2 Kh6 49. Re8 Qd4+ 50. Kh2 Qf2 51. R1e7 Bf3 52. Rh8# 1-0


[Site "https://www.chess.com"]